 Dungeon Crawl Stone Soup version 0.29-a0-819-g94b489e0ae (webtiles) character file.

Game seed: 2612287327740200566

119 spaghetti the Grave Robber (level 5, -1/55 HPs)
             Began as a Gnoll Necromancer on July 6, 2022.
             Slain by Crazy Yiuf
             ... wielding a +3 quarterstaff of chaos
              (8 damage)
             ... on level 3 of the Dungeon.
             The game lasted 00:05:15 (3503 turns).

spaghetti the Grave Robber (Gnoll Necromancer)      Turns: 3503, Time: 00:05:15

Health: -1/55      AC:  2    Str:  8    XL:     5   Next: 3%
Magic:  4/12       EV: 13    Int: 16    God:
Gold:   206        SH:  0    Dex: 12    Spells: 1/14 levels left

rFire   . . .      SeeInvis .   a - +1 short sword (venom) {short}
rCold   . . .      Faith    .   (no shield)
rNeg    . . .      Spirit   .   C - +0 robe
rPois   .          Reflect  .   (no helmet)
rElec   .          Harm     .   (no cloak)
rCorr   .          Rampage  .   (no gloves)
Will    .....                   (no boots)
Stlth   ..........              (no amulet)
HPRegen 0.18/turn               (no ring)
MPRegen 0.13/turn               (no ring)

@: confused, berserking, lethally poisoned (-1 -> -16), very quick
A: fangs 1, strong nose, distributed training
a: no special abilities


You were on level 3 of the Dungeon.
You visited 1 branch of the dungeon, and saw 3 of its levels.

You collected 206 gold pieces.


Innate Abilities, Weirdness & Mutations

You have very sharp teeth.
Your uncanny sense of smell can sniff out nearby items.
Your experience applies equally to all skills.


   Skills:
 + Level 1.4 Fighting
 + Level 1.4 Short Blades
 + Level 1.4 Long Blades
 + Level 1.4 Axes
 + Level 1.4 Maces & Flails
 + Level 1.4 Polearms
 + Level 1.4 Staves
 + Level 1.4 Ranged Weapons
 + Level 1.4 Throwing
 + Level 1.4 Armour
 + Level 4.7 Dodging
 + Level 4.3 Stealth
 + Level 1.4 Shields
 + Level 1.4 Unarmed Combat
 + Level 5.1 Spellcasting
 + Level 1.1 Conjurations
 + Level 1.1 Hexes
 + Level 1.1 Summonings
 + Level 7.2 Necromancy
 + Level 1.1 Translocations
 + Level 1.1 Transmutations
 + Level 1.1 Fire Magic
 + Level 1.1 Ice Magic
 + Level 1.1 Air Magic
 + Level 1.1 Earth Magic
 + Level 1.1 Poison Magic
 + Level 1.5 Invocations
 + Level 1.4 Evocations


You had one spell level left.
You knew the following spells:

 Your Spells              Type           Power      Damage    Failure   Level
a - Necrotise             Necr           100%       1d9       1%          1
b - Vampiric Draining     Necr           27%        2d7       2%          3
c - Animate Dead          Necr           27%        N/A       8%          4
d - Agony                 Necr           27%        N/A       22%         5

Your spell library contained the following spells:

 Spells                   Type           Power      Damage    Failure   Level
 Freeze                   Ice            28%        1d5       10%         1
 Blink                    Tloc           14%        N/A       14%         2
 Frozen Ramparts          Ice            14%        1d3       28%         3
 Lesser Beckoning         Tloc           7%         N/A       28%         3
 Borgnjor's Vile Clutch   Necr/Erth      8%         N/A       58%         5
 Hailstorm                Conj/Ice       7%         3d4       67%         4
 Alistair's Intoxication  Tmut/Pois      4%         N/A       95%         5
 Manifold Assault         Tloc           7%         N/A       95%         5
 Eringya's Noxious Bog    Tmut/Pois      3%         N/A       100%        6

Inventory:

Hand Weapons
 a - a +1 short sword of venom (weapon) {short}
   (You took it off a kobold on level 2 of the Dungeon)
 c - a +0 flail {mace}
   (You took it off an orc on level 2 of the Dungeon)
 e - a +0 flail {mace}
   (You took it off an orc on level 2 of the Dungeon)
 f - a +0 hand axe {axe}
   (You took it off an orc on level 2 of the Dungeon)
 g - a +0 whip {mace}
   (You took it off an orc on level 2 of the Dungeon)
 i - a +0 short sword {short}
   (You took it off an orc on level 2 of the Dungeon)
 m - a +0 dagger {short}
   (You took it off a kobold on level 2 of the Dungeon)
 n - a +2 whip of electrocution {mace}
   (You took it off a kobold on level 1 of the Dungeon)
 u - a +0 club {mace}
   (You took it off a goblin on level 2 of the Dungeon)
 v - a +0 sling
   (You took it off a goblin on level 2 of the Dungeon)
 w - a +0 dagger {short}
   (You took it off an orc on level 2 of the Dungeon)
 x - a +0 short sword {short}
   (You took it off an orc on level 2 of the Dungeon)
 y - a +0 short sword of venom {short}
   (You took it off an orc on level 2 of the Dungeon)
 z - a +0 short sword {short}
   (You took it off an orc on level 2 of the Dungeon)
 A - a +0 dagger {short}
   (You found it on level 2 of the Dungeon)
Missiles
 l - 29 stones {throwing}
 E - 9 poisoned darts {throwing}
Armour
 C - a +0 robe (worn)
 F - a +0 plate armour
   (You found it on level 3 of the Dungeon)
Scrolls
 d - a scroll of magic mapping {unknown}
 h - 2 scrolls of identify {unknown}
 j - 3 scrolls of teleportation {unknown}
 o - a scroll of enchant armour {unknown}
 t - 2 scrolls of fear {unknown}
 B - a scroll of amnesia {unknown}
 D - a scroll of summoning {unknown}
 G - a scroll of fog {unknown}
Potions
 b - a potion of magic
 p - a potion of degeneration {unknown}
 q - 4 potions of curing {unknown}
 r - 2 potions of flight {unknown}
 s - a potion of lignification {unknown}
 H - a potion of haste {unknown}

Dungeon Overview and Level Annotations

Branches:
Dungeon (3/15) Zot: 14497

Altars:

Shops:
D:3 :

Annotations:
D:3 Crazy Yiuf

####....#.#.......######
.....##.#.#.#####.#
###..##.#.#.# #.#
##...##.##### ### ##..###.#
##..# #.# ♣♣♣♣♣### ##..#
#.# ### ♣♣♣.♣..#.## ##..#
#.## #...#♣..♣......#######
##..# #..#
#...g@♣♣♣♣............
##..# #### #)..#♣♣
♣♣.#..####### ##..# #.# ###
♣♣#### ....####.#
#...#....# ###
......##.################.#
...#..#.[.......#.........#
#.#...#.####.####.........#
.∩......# #.# ###.......#


You could see Crazy Yiuf.


Message History

Press: ? - help, v - describe, . - travel
Here: Crazy Yiuf, wielding a +3 quarterstaff of chaos and wearing a +2 cloak of poison resistance (wandering, hasn't noticed you, fire blocked by a runed translucent door)
The floor.
You aren't carrying any items that you can evoke.
Okay, then.
You open the door.
Casting: Necrotise (safe; 1% risk of failure)
Confirm with . or Enter, or press ? or * to list all spells.
You can't see any susceptible monsters within range! (Use Z to cast anyway.)
Casting: Necrotise (safe; 1% risk of failure)
Confirm with . or Enter, or press ? or * to list all spells.
Aiming: Necrotise (safe; 1% risk of failure)
Press: ? - help, Shift-Dir - straight line, f - Crazy Yiuf
Aim: Crazy Yiuf, wielding a +3 quarterstaff of chaos and wearing a +2 cloak of poison resistance (wandering, hasn't noticed you, chance to affect: 88%) Crazy Yiuf shouts!
Crazy Yiuf writhes in agony. 😎 MP[-1]
You lost 1 mp, and now have 11/12 mp.
Casting: Necrotise (safe; 1% risk of failure)
Confirm with . or Enter, or press ? or * to list all spells.
You can't see any susceptible monsters within range! (Use Z to cast anyway.)
Casting: Necrotise (safe; 1% risk of failure)
Confirm with . or Enter, or press ? or * to list all spells.
Aiming: Necrotise (safe; 1% risk of failure)
Press: ? - help, Shift-Dir - straight line, f/p - Crazy Yiuf
Aim: Crazy Yiuf, wielding a +3 quarterstaff of chaos and wearing a +2 cloak of poison resistance (lightly wounded, chance to affect: 88%) Crazy Yiuf writhes in agony!
Crazy Yiuf drinks a potion.
Crazy Yiuf is healed! 😎 MP[-1]
You lost 1 mp, and now have 10/12 mp.
Casting: Necrotise (safe; 1% risk of failure)
Confirm with . or Enter, or press ? or * to list all spells.
You can't see any susceptible monsters within range! (Use Z to cast anyway.)
Casting: Necrotise (safe; 1% risk of failure)
Confirm with . or Enter, or press ? or * to list all spells.
Aiming: Necrotise (safe; 1% risk of failure)
Press: ? - help, Shift-Dir - straight line, f/p - Crazy Yiuf
Aim: Crazy Yiuf, wielding a +3 quarterstaff of chaos and wearing a +2 cloak of poison resistance (chance to affect: 88%) Crazy Yiuf writhes in agony. 😎 MP[-1]
You lost 1 mp, and now have 9/12 mp.
Casting: Necrotise (safe; 1% risk of failure)
Confirm with . or Enter, or press ? or * to list all spells.
The spell is extremely dangerous to miscast (22% risk of failure)!
Continue anyway?
Aiming: Agony (extremely dangerous; 22% risk of failure)
Press: ? - help, Shift-Dir - straight line, f/p - Crazy Yiuf
Aim: Crazy Yiuf, wielding a +3 quarterstaff of chaos and wearing a +2 cloak of poison resistance (lightly wounded, chance to affect: 95%) Crazy Yiuf convulses!
Crazy Yiuf hits you with a +3 quarterstaff of chaos!
You are confused. 😮 HP[-16] MP[-5]
You take 16 damage, and now have 21/37 hp.
MASSIVE DAMAGE!! (PAUSE)
You lost 5 mp, and now have 4/12 mp.
Unknown command.
Unknown command.
It was a potion of berserk rage.
A red film seems to cover your vision as you go berserk!
You feel yourself moving faster!
You feel mighty!
Crazy Yiuf yells, "Two!"
Crazy Yiuf hits you with a +3 quarterstaff of chaos.
You are poisoned. 😮 HP[+9]
You now have 55 max hp (+18).
You regained 9 hp, and now have 30/55 hp.
Unknown command.
Unknown command.
Unknown command.
Unknown command.
You are too berserk!
Unknown command.
You bump into the tree.
You feel a strong urge to attack something.
You feel sick. 😮 HP[-2]
You take 2 damage, and now have 28/55 hp.
You barely miss Crazy Yiuf.
You feel sick.
Crazy Yiuf hits you with a +3 quarterstaff of chaos!
* * * LOW HITPOINT WARNING * * *
You are lethally poisoned! 😨 HP[-9]
You take 9 damage, and now have 19/55 hp.
Unknown command.
Unknown command.
You hit Crazy Yiuf.
* * * LOW HITPOINT WARNING * * *
You feel very sick.
Crazy Yiuf hits you with a +3 quarterstaff of chaos.
* * * LOW HITPOINT WARNING * * *
You feel your power leaking away. 😱 HP[-9]
You take 9 damage, and now have 10/55 hp.
Unknown command.
Unknown command.
You barely miss Crazy Yiuf. Your bite misses Crazy Yiuf.
* * * LOW HITPOINT WARNING * * *
You feel very sick.
Crazy Yiuf hits you with a +3 quarterstaff of chaos!
You die...

Skill      XL: |  1  2  3  4 |
---------------+-------------+-----
Spellcasting   | 5 |  5.1
Invocations    | 1 |  1.5
Fighting       | 1 |  1.4
Short Blades   | 1 |  1.4
Long Blades    | 1 |  1.4
Axes           | 1 |  1.4
Maces & Flails | 1 |  1.4
Polearms       | 1 |  1.4
Staves         | 1 |  1.4
Ranged Weapons | 1 |  1.4
Throwing       | 1 |  1.4
Armour         | 1 |  1.4
Shields        | 1 |  1.4
Unarmed Combat | 1 |  1.4
Evocations     | 1 |  1.4
Conjurations   | 1 |  1.1
Hexes          | 1 |  1.1
Summonings     | 1 |  1.1
Translocations | 1 |  1.1
Transmutations | 1 |  1.1
Fire Magic     | 1 |  1.1
Ice Magic      | 1 |  1.1
Air Magic      | 1 |  1.1
Earth Magic    | 1 |  1.1
Poison Magic   | 1 |  1.1
Dodging        | |  4.7
Stealth        | |  4.3
Necromancy     | |  7.2

Action                   |  1- 3 |  4- 6 || total
-------------------------+-------+-------++-------
Melee: Unarmed           |     2 |       ||     2
       Whip              |    17 |     4 ||    21
       Bite              |     2 |     1 ||     3
       Short sword       |       |     9 ||     9
 Cast: Necrotise         |    57 |    51 ||   108
       Agony             |       |     1 ||     1
  Use: Potion            |       |     1 ||     1
Armor: Robe              |    12 |     2 ||    14
Dodge: Dodged            |    31 |     9 ||    40

Levels and vault maps discovered:
D:1:      onia_arrival_pyramid, layout_rooms
D:2:      layout_basic, hellmonk_ecumenical_altar_inner_sanctum,
          minmay_tiny_reverse_x
D:3:      layout_basic, serial_shops, nicolae_shop_advertising_works
          [nicolae_subvault_shop_adworks], nicolae_elevator_lobby_asterisk,
          uniq_crazy_yiuf_cottage

Notes
Turn   | Place    | Note
-------+----------+-------------------------------------------
     0 | D:1      | spaghetti the Gnoll Necromancer began the quest for the
                  | Orb.
     0 | D:1      | Reached XP level 1. HP: 13/13 MP: 6/6
     0 | D:1      | magus.rc [v1.9.6]
   208 | D:1      | Reached XP level 2. HP: 19/19 MP: 5/7
   386 | D:1      | You add the spells Alistair's Intoxication, Borgnjor's Vile
                  | Clutch and Eringya's Noxious Bog to your library.
   420 | D:1      | You pick up a book of Spatial Translocations and begin
                  | reading...
   420 | D:1      | You add the spells Blink, Lesser Beckoning and Manifold
                  | Assault to your library.
   761 | D:2      | Reached skill level 5 in Spellcasting
   761 | D:2      | Reached XP level 3. HP: 22/25 MP: 3/9
  1027 | D:2      | Learned a level 3 spell: Vampiric Draining
  1070 | D:2      | Reached skill level 1 in Invocations
  1220 | D:2      | Reached skill level 1 in Fighting
  1220 | D:2      | Reached skill level 1 in Short Blades
  1220 | D:2      | Reached skill level 1 in Long Blades
  1220 | D:2      | Reached skill level 1 in Axes
  1220 | D:2      | Reached skill level 1 in Maces & Flails
  1220 | D:2      | Reached skill level 1 in Polearms
  1220 | D:2      | Reached skill level 1 in Staves
  1220 | D:2      | Reached skill level 1 in Ranged Weapons
  1220 | D:2      | Reached skill level 1 in Throwing
  1220 | D:2      | Reached skill level 1 in Armour
  1220 | D:2      | Reached skill level 1 in Shields
  1220 | D:2      | Reached skill level 1 in Unarmed Combat
  1220 | D:2      | Reached skill level 1 in Evocations
  1313 | D:2      | Reached XP level 4. HP: 18/32 MP: 1/11
  2358 | D:2      | Found a faded altar of an unknown god.
  2393 | D:3      | Learned a level 4 spell: Animate Dead
  2415 | D:3      | Reached skill level 1 in Conjurations
  2415 | D:3      | Reached skill level 1 in Hexes
  2415 | D:3      | Reached skill level 1 in Summonings
  2415 | D:3      | Reached skill level 1 in Translocations
  2415 | D:3      | Reached skill level 1 in Transmutations
  2415 | D:3      | Reached skill level 1 in Fire Magic
  2415 | D:3      | Reached skill level 1 in Ice Magic
  2415 | D:3      | Reached skill level 1 in Air Magic
  2415 | D:3      | Reached skill level 1 in Earth Magic
  2415 | D:3      | Reached skill level 1 in Poison Magic
  2480 | D:3      | Found Nuanem's Book Emporium.
  2765 | D:3      | You pick up a book of Frost and begin reading...
  2765 | D:3      | You add the spells Freeze, Frozen Ramparts and Hailstorm to
                  | your library.
  2966 | D:3      | Found a runed translucent door.
  2967 | D:3      | Noticed Crazy Yiuf
  3207 | D:3      | Reached XP level 5. HP: 35/37 MP: 3/12
  3401 | D:3      | Learned a level 5 spell: Agony
  3502 | D:3      | HP: 10/55 [Crazy Yiuf/+3 quarterstaff of chaos (5)]
  3503 | D:3      | Slain by Crazy Yiuf

Vanquished Creatures
  4 adders
  A dart slug (D:2)
  2 worms (D:3)
  8 orcs (D:2)
  7 endoplasms
  3 giant cockroaches
  2 goblins
  5 hobgoblins
  5 quokkas
  4 ball pythons
  2 bats (D:1)
  A frilled lizard (D:1)
  13 kobolds
  7 rats
64 creatures vanquished.

Vanquished Creatures (collateral kills)
  An orc (D:2)
  A bat (D:1)
2 creatures vanquished.

Grand Total: 66 creatures vanquished

Table legend:
 A = Non-vault XP
 B = Vault XP
 C = Vault XP percentage of total XP
 D = Non-vault monster count
 E = Vault monster count
 F = Vault count percentage of total count
                 A         B        C        D         E       F
            +---------+---------+-------+---------+---------+-------
      Total |     167 |       4 |   2.3 |      64 |       2 |   3.0
            +---------+---------+-------+---------+---------+-------
        D:1 |      28 |       0 |   0.0 |      19 |       0 |   0.0
        D:2 |      68 |       4 |   5.6 |      26 |       2 |   7.1
        D:3 |      71 |       0 |   0.0 |      19 |       0 |   0.0
            +---------+---------+-------+---------+---------+-------

Illustrated notes

Table legend:
 A = Kills in this place as a percentage of kills in entire the game.
 B = Kills by you in this place as a percentage of kills by you in the entire game.
 C = Kills by friends in this place as a percentage of kills by friends in the entire game.
 D = Other kills in this place as a percentage of other kills in the entire game.
 E = Experience gained in this place as a percentage of experience gained in the entire game.
 F = Experience gained in this place divided by the number of levels of this place that you have seen.
                   A       B       C       D       E      F
               +-------+-------+-------+-------+-------+----------------------
         Total | 100.0 | 100.0 | 100.0 |   N/A | 100.0 |  57.0
       Dungeon | 100.0 | 100.0 | 100.0 |   N/A | 100.0 |  57.0
               +-------+-------+-------+-------+-------+----------------------

Table legend: (Time is in decaauts)
 A = Elapsed time spent in this place.
 B = Non-inter-level travel time spent in this place.
 C = Inter-level travel time spent in this place.
 D = Time resting spent in this place.
 E = Time spent auto-exploring this place.
 F = Levels seen in this place.
 G = Mean time per level.
                   A        B        C        D        E       F      G
               +--------+--------+--------+--------+--------+-----+--------+
         Total |   3501 |   3418 |     83 |      0 |   3056 |   3 | 1167.0 |
       Dungeon |   3501 |   3418 |     83 |      0 |   3056 |   3 | 1167.0 |
               +--------+--------+--------+--------+--------+-----+--------+

Top non-repeatable levels by time:
     D:2: 1666 daAuts
     D:3: 1131 daAuts
     D:1: 703 daAuts
